 Dungeon Crawl Stone Soup version 0.31.0-9-g3a7656b989 (webtiles) character file.

Game seed: 436851884287767907

35 qw the Shooter (level 3, -1/20 HPs)
             Began as a Deep Elf Hunter on Feb 2, 2024.
             Slain by an iguana (11 damage)
             ... on level 2 of the Dungeon.
             The game lasted 00:00:02 (918 turns).

qw the Shooter (Deep Elf Hunter)                     Turns: 918, Time: 00:00:03

Health: -1/20      AC:  5    Str: 10    XL:     3   Next: 16%
Magic:  5/5        EV: 11    Int: 13    God:
Gold:   97         SH:  0    Dex: 18    Spells: 2/2 levels left

rFire   . . .        a - +0 shortbow
rCold   . . .        (shield currently unavailable)
rNeg    . . .        e - +0 ring mail
rPois   .            (no helmet)
rElec   .            (no cloak)
rCorr   .            (no gloves)
SInv    .            (no boots)
Will    .....        (no amulet)
Stlth   +            (no ring)
HPRegen 0.23/turn    (no ring)
MPRegen 0.09/turn

%: no passive effects
@: no status effects
A: no striking features
a: no special abilities


You were on level 2 of the Dungeon.
You visited 1 branch of the dungeon, and saw 2 of its levels.

You collected 97 gold pieces.


   Skills:
 - Level 1.5 Fighting
 + Level 6.7 Ranged Weapons
 - Level 2.4 Dodging
 - Level 1.2 Stealth


You had 2 spell levels left.
You didn't know any spells.
Your spell library was empty.

Inventory:

Hand Weapons
 a - a +0 shortbow (weapon)
Armour
 c - a +2 leather armour of fire resistance
 e - a +0 ring mail (worn)
Scrolls
 b - a scroll of noise {unknown}
Potions
 d - a potion of attraction {unknown}

Dungeon Overview and Level Annotations

Branches:
Dungeon (2/15)

Altars:


Message History

You now have 97 gold pieces (gained 13).
A hobgoblin comes into view.
The hobgoblin shouts!
You hear a shout!
An iguana comes into view.
A kobold comes into view. It is wielding a +0 club.
You shoot an arrow. The arrow closely misses the hobgoblin.
You shoot an arrow. The arrow barely misses the hobgoblin.
The hobgoblin closely misses you.
You shoot an arrow.
The arrow hits the hobgoblin but does no damage.
The hobgoblin hits you but does no damage.
The hobgoblin barely misses you.
You shoot an arrow. The arrow hits the hobgoblin.
You kill the hobgoblin!
You shoot an arrow. The arrow closely misses the iguana.
The iguana closely misses you.
You shoot an arrow. The arrow hits the iguana.
The iguana is lightly wounded.
The iguana closely misses you.
You shoot an arrow. The arrow hits the iguana.
The iguana is moderately wounded.
The iguana barely misses you. The iguana completely misses you.
You shoot an arrow.
The arrow hits the iguana but does no damage.
The iguana is lightly wounded.
A dart slug comes into view.
The iguana barely misses you.
You shoot an arrow. The arrow hits the iguana.
The iguana is moderately wounded.
The iguana bites you!
Ouch! That really hurt!
You shoot an arrow. The arrow hits the iguana.
The iguana is moderately wounded.
The iguana bites you.
You shoot an arrow.
The arrow hits the iguana but does no damage.
The iguana is moderately wounded.
The iguana bites you!
Ouch! That really hurt!
You die...

.. .. #w
#.#########
#.#.......#
#K#.#####.#
######l#.#####.#
.......@.).....##
.############...#
#...#####
####........
#.........##
#.........#
#.........#
####...#### #...#


You could see an iguana, a dart slug and a kobold.

Vanquished Creatures
  3 endoplasms (D:1)
  3 giant cockroaches
  3 goblins (D:1)
  4 hobgoblins
  A quokka (D:1)
  5 ball pythons
  6 bats
  2 frilled lizards (D:1)
  3 kobolds
  3 rats (D:1)
33 creatures vanquished.

Notes
Turn   | Place    | Note
-------+----------+-------------------------------------------
     0 | D:1      | qw the Deep Elf Hunter began the quest for the Orb.
     0 | D:1      | Reached XP level 1. HP: 12/12 MP: 3/3
     0 | D:1      | 0 ||| qw: Version: 0.3-a-155-g5e7d8dd
     0 | D:1      | 0 ||| qw: Game counter: 849
     0 | D:1      | 0 ||| qw: Melee chars always use a shield: true
     0 | D:1      | 0 ||| qw: God list: Okawaru
     0 | D:1      | 0 ||| qw: Allow faded altars: false
     0 | D:1      | 0 ||| qw: Do Orc after clearing Dungeon:15 true
     0 | D:1      | 0 ||| qw: Do second Lair branch before Depths: true
     0 | D:1      | 0 ||| qw: Lair rune preference: random
     0 | D:1      | 0 ||| qw: Goals: Normal
     0 | D:1      | 0 ||| PLANNING D:1-11
   132 | D:1      | Reached XP level 2. HP: 16/16 MP: 4/4
   193 | D:1      | Reached skill level 6 in Ranged Weapons
   724 | D:1      | 724 ||| UPGRADING to +0 ring mail.
   734 | D:1      | 734 ||| DROPPING +0 leather armour.
   735 | D:1      | 735 ||| READING scroll labelled ESHITO QESCH.
   736 | D:1      | 736 ||| DROPPING scroll of butterflies.
   766 | D:2      | Reached XP level 3. HP: 20/20 MP: 5/5
   918 | D:2      | Slain by an iguana

Levels and vault maps discovered:
D:1:      matt_arrival_los_fun, layout_loops_ring
D:2:      layout_loops_ring

Skill      XL: |  1  2 |
---------------+-------+-----
Ranged Weapons | 6 |  6.7
Fighting       | |  1.5
Dodging        | |  2.4
Stealth        | |  1.2

Action                     || total
---------------------------++-------
   Fire: Shortbow          ||   110
    Use: Scroll            ||     1
 Armour: Leather armour    ||    10
         Ring mail         ||     9
  Dodge: Dodged            ||    28

Table legend:
 A = Non-vault XP
 B = Vault XP
 C = Vault XP percentage of total XP
 D = Non-vault monster count
 E = Vault monster count
 F = Vault count percentage of total count
                 A         B        C        D         E       F
            +---------+---------+-------+---------+---------+-------
      Total |      50 |       0 |   0.0 |      33 |       0 |   0.0
            +---------+---------+-------+---------+---------+-------
        D:1 |      40 |       0 |   0.0 |      27 |       0 |   0.0
        D:2 |      10 |       0 |   0.0 |       6 |       0 |   0.0
            +---------+---------+-------+---------+---------+-------
